 Dungeon Crawl Stone Soup version 0.23-a0-54-gae6112e (webtiles) character file.

489 George the Cleaver (level 7, 0/57 HPs)
             Began as a Hill Orc Fighter on Aug 8, 2018.
             Succumbed to a scorpion's poison
             ... on level 4 of the Dungeon.
             The game lasted 00:05:30 (3475 turns).

George the Cleaver (Hill Orc Fighter)               Turns: 3475, Time: 00:05:30

Health: 0/57       AC:  6    Str: 18 (21) XL:     7   Next: 14%
Magic:  7/7        EV:  7    Int:  6 (8)  God:
Gold:   138        SH: 12    Dex:  7 (10) Spells: 6/6 levels left

rFire    + . .     SeeInvis .   a - +0 war axe
rCold    + . .     Gourm    .   c - +1 shield
rNeg     + . .     Faith    .   b - +0 scale mail
rPois    +         Spirit   .   (no helmet)
rElec    +         Reflect  +   (no cloak)
rCorr    +         Harm     .   (no gloves)
MR       .....                  (no boots)
Stlth    ..........             l - +3 amulet of reflection
HPRegen  0.19/turn              n - ring of positive energy
MPRegen  0.10/turn              (no ring)

@: lethally poisoned (0 -> -2), resistant, berserk cooldown, flying, very
slightly contaminated, hasted and slowed, invisible
A: no striking features
a: no special abilities


You were on level 4 of the Dungeon.
You were not hungry.

You visited 1 branch of the dungeon, and saw 4 of its levels.

You collected 138 gold pieces.

Inventory:

Hand Weapons
 a - a +0 war axe (weapon)
 v - a +4 flail of holy wrath
Missiles
 s - a throwing net (quivered)
Armour
 b - a +0 scale mail (worn)
 c - a +1 shield (worn)
Jewellery
 l - a +3 amulet of reflection (around neck)
 n - a ring of positive energy (left hand)
Wands
 u - a wand of flame (34)
Scrolls
 e - 2 scrolls of teleportation
 g - a scroll of identify
 i - 2 scrolls of amnesia
 m - a scroll of enchant armour
Potions
 d - 2 potions of might
Comestibles
 f - 9 rations


   Skills:
 - Level 3.6 Fighting
 + Level 9.8 Axes
 - Level 3.2 Armour
 - Level 3.2 Shields


You had 6 spell levels left.
You didn't know any spells.
Your spell library was empty.

Dungeon Overview and Level Annotations

Branches:
Dungeon (4/15)
 Temple: D:4-7

Altars:
Elyvilon
Fedhas
Vehumet
Wu Jian


Message History

You feel yourself speed up.
* * * LOW HITPOINT WARNING * * *
You feel sick.
* * * LOW HITPOINT WARNING * * *
You feel sick.
* * * LOW HITPOINT WARNING * * *
You feel sick.
* * * LOW HITPOINT WARNING * * *
You feel sick.
Found a scroll of identify.
* * * LOW HITPOINT WARNING * * *
You feel sick.
You see here a scroll of identify.
g - a scroll of identify
* * * LOW HITPOINT WARNING * * *
You feel sick.
A quokka comes into view.
The quokka moves out of view.
Found a scroll of remove curse.
Found a stone staircase leading down.
You die...

. #.##.##..#.## #.
#....##.....# #.
########.#..# #..
..# #.#..### #...
#.#####.#....#
#..r##?#.....######
#....#.#.#####
#..#.....#
#.....@### #......#
#....... #.#...###
# #... #... #..>
####


You could see a quokka (wandering).

Vanquished Creatures
  Edmund (D:4)
  2 scorpions (D:4)
  A centaur skeleton (D:4)
  7 gnolls
  9 adders
  2 oozes
  3 worms (D:2)
  3 dart slugs
  3 leopard geckos
  An orc (D:4)
  2 giant cockroaches (D:3)
  10 goblins
  10 hobgoblins
  8 jackals (D:3)
  6 kobolds
  2 quokkas
  5 bats
  A frilled lizard (D:2)
  7 rats
83 creatures vanquished.

Notes
Turn   | Place    | Note
-------+----------+-------------------------------------------
     0 | D:1      | George the Hill Orc Fighter began the quest for the Orb.
     0 | D:1      | Reached XP level 1. HP: 19/19 MP: 1/1
    58 | D:1      | Reached skill level 3 in Axes
   167 | D:1      | Reached XP level 2. HP: 26/26 MP: 2/2
   608 | D:1      | Reached skill level 4 in Axes
   967 | D:1      | Reached XP level 3. HP: 18/31 MP: 3/3
  1084 | D:2      | Reached skill level 5 in Axes
  1160 | D:2      | Reached XP level 4. HP: 21/39 MP: 4/4
  1211 | D:2      | Reached skill level 6 in Axes
  1593 | D:2      | Reached XP level 5. HP: 45/45 MP: 5/5
  1643 | D:2      | Reached skill level 7 in Axes
  2109 | D:3      | Found a blossoming altar of Fedhas.
  2796 | D:4      | Reached skill level 8 in Axes
  2796 | D:4      | Reached XP level 6. HP: 48/51 MP: 6/6
  2807 | D:4      | Found an ornate altar of the Wu Jian Council.
  3208 | D:4      | Found a white marble altar of Elyvilon.
  3269 | D:4      | Found a radiant altar of Vehumet.
  3269 | D:4      | Noticed Edmund
  3280 | D:4      | Killed Edmund
  3280 | D:4      | Reached skill level 9 in Axes
  3435 | D:4      | Reached XP level 7. HP: 52/57 MP: 7/7
  3468 | D:4      | HP: 2/57 [poisoned by a scorpion]
  3475 | D:4      | Succumbed to a scorpion's poison

Vault maps used:
D:1:      matt_arrival_refuge, moated_statue
D:2:      first_ration
D:3:      fedhas_altar_1
D:4:      old_forge, elyvilon_altar_1, kennysheep_mini, vehumet_altar_wand_db,
          uniq_edmund

Skill      XL: |  1  2  3  4  5  6 |
---------------+-------------------+-----
Axes           | 3 4 5 6 8 9 |  9.8
Fighting       | |  3.6
Armour         | |  3.2
Shields        | |  3.2

Action                   |  1- 3 |  4- 6 |  7- 9 || total
-------------------------+-------+-------+-------++-------
Melee: War axe           |    79 |   246 |    11 ||   336
  Use: Scroll            |       |       |     6 ||     6
       Potion            |       |       |     6 ||     6
  Eat: Chunk             |     1 |     8 |       ||     9
Armor: Scale mail        |    16 |    74 |     1 ||    91
Dodge: Dodged            |    22 |    67 |     1 ||    90
Block: Shield            |    69 |   148 |     4 ||   221
       Reflection        |       |     2 |       ||     2

Table legend:
 A = Spawn XP
 B = Non-spawn XP
 C = Spawn XP percentage of total XP
 D = Spawn monster count
 E = Non-spawn monster count
 F = Spawn count percentage of total count
 G = Total turns spent on level
                    A         B        C        D         E        F      G
               +---------+---------+-------+---------+---------+-------+---------
         Total |       0 |     699 |   0.0 |       0 |      83 |   0.0 |  3475
               +---------+---------+-------+---------+---------+-------+---------
           D:1 |       0 |      34 |   0.0 |       0 |      14 |   0.0 |  1059
           D:2 |       0 |     167 |   0.0 |       0 |      27 |   0.0 |   825
           D:3 |       0 |      69 |   0.0 |       0 |      27 |   0.0 |  1025
           D:4 |       0 |     429 |   0.0 |       0 |      15 |   0.0 |   566
               +---------+---------+-------+---------+---------+-------+---------
